 Dungeon Crawl Stone Soup version 0.26-a0-597-gb535b0901c (webtiles) character file.

Game seed: 16919591459004897753

2778 graki42 the Magician (level 9, -2/66 HPs)
             Began as a Gnoll Fire Elementalist on Sept 8, 2020.
             Killed by divine providence
             ... invoked by an orc priest
              (13 damage)
             ... on level 8 of the Dungeon.
             The game lasted 00:29:44 (9119 turns).

graki42 the Magician (Gnoll Fire Elementalist)      Turns: 9119, Time: 00:29:47

Health: -2/66      AC:  5    Str: 11    XL:     9   Next: 70%
Magic:  14/19      EV: 16    Int: 21    God:
Gold:   648        SH:  0    Dex: 15    Spells: 5/21 levels left

rFire    . . .     SeeInvis .   d - +2 dagger (speed)
rCold    . . .     Faith    .   (no shield)
rNeg     . . .     Spirit   .   a - +0 robe
rPois    .         Reflect  .   r - +2 hat
rElec    .         Harm     .   (no cloak)
rCorr    .                      b - +0 pair of gloves
MR       .....                  (no boots)
Stlth    +++.......             (no amulet)
HPRegen  0.21/turn              (no ring)
MPRegen  0.16/turn              (no ring)

@: about to teleport
A: distributed training, fangs 1, strong nose
a: no special abilities


You were on level 8 of the Dungeon.
You visited 2 branches of the dungeon, and saw 9 of its levels.
You also visited: Ossuary.

You collected 648 gold pieces.

Inventory:

Hand Weapons
 c - a +5 dagger
 d - a +2 dagger of speed (weapon)
Missiles
 g - 7 boomerangs of dispersal (quivered)
Armour
 a - a +0 robe (worn)
 b - a +0 pair of gloves (worn)
 r - a +2 hat (worn)
Jewellery
 y - an uncursed ring of wizardry
Wands
 l - a wand of polymorph (13)
 p - a wand of random effects (22)
Scrolls
 e - a scroll of magic mapping
 m - a scroll of enchant armour {unknown}
 n - 4 scrolls of remove curse
 q - 2 scrolls of teleportation
 u - a scroll of immolation {unknown}
 A - a scroll of fog {unknown}
Potions
 f - 7 potions of curing
 h - 2 potions of heal wounds
 i - 2 potions of resistance
 j - 2 potions of flight
 k - a potion of magic
 o - 3 potions of brilliance {unknown}
 s - a potion of mutation
 t - a potion of might
 v - 3 potions of cancellation {unknown}
 w - 3 potions of stabbing
 x - 2 potions of lignification
 B - a potion of berserk rage


   Skills:
 + Level 4.5 Fighting
 + Level 4.5 Short Blades
 + Level 4.5 Long Blades
 + Level 4.5 Axes
 + Level 4.5 Maces & Flails
 + Level 4.5 Polearms
 + Level 4.5 Staves
 + Level 4.5 Slings
 + Level 4.5 Bows
 + Level 4.5 Crossbows
 + Level 4.5 Throwing
 + Level 4.5 Armour
 + Level 6.5 Dodging
 + Level 6.2 Stealth
 + Level 4.5 Shields
 + Level 4.5 Unarmed Combat
 + Level 6.8 Spellcasting
 + Level 4.3 Conjurations
 + Level 3.7 Hexes
 + Level 3.7 Summonings
 + Level 3.7 Necromancy
 + Level 3.7 Translocations
 + Level 3.7 Transmutations
 + Level 6.7 Fire Magic
 + Level 3.7 Ice Magic
 + Level 3.7 Air Magic
 + Level 3.7 Earth Magic
 + Level 3.7 Poison Magic
 + Level 5.0 Invocations
 + Level 4.5 Evocations


You had 5 spell levels left.
You knew the following spells:

 Your Spells              Type           Power        Failure   Level
a - Foxfire               Conj/Fire      ####         1%          1
b - Conjure Flame         Conj/Fire      ####....     2%          3
c - Inner Flame           Hex/Fire       ####....     3%          3
d - Sticky Flame          Conj/Fire      ####....     10%         4
e - Fireball              Conj/Fire      ####......   26%         5

Your spell library contained the following spells:

 Spells                   Type           Power        Failure   Level
 Magic Dart               Conj           ####         1%          1
 Blink                    Tloc           N/A          3%          2
 Call Imp                 Summ           ###.....     3%          2
 Slow                     Hex            ###.....     3%          2
 Mephitic Cloud           Conj/Pois/Air  ###.....     5%          3


Dungeon Overview and Level Annotations

Branches:
Dungeon (8/15)             Temple (1/1) D:7         Ossuary (visited)
   Lair: D:8-11

Altars:
Ashenzari
Cheibriados
Dithmenos
Elyvilon
Fedhas
Gozag
Hepliaklqana
Kikubaaqudgha
Makhleb
Nemelex Xobeh
Okawaru
Qazlal
Ru
Sif Muna
Trog
Uskayaw
Wu Jian
Xom
Yredelemnul
Zin
The Shining One
Beogh

Annotations:
D:8 HoaS's ghost, novice FoFi; Maurice


Innate Abilities, Weirdness & Mutations

Your experience applies equally to all skills.
You have very sharp teeth.
Your uncanny sense of smell can sniff out nearby items.


Message History

HoaS's ghost is moderately damaged.
HoaS's ghost is engulfed in blazing flames.
HoaS's ghost closely misses you.
You hit HoaS's ghost but do no damage.
You bite HoaS's ghost, but do no damage.
HoaS's ghost is moderately damaged.
You hit HoaS's ghost but do no damage.
HoaS's ghost is moderately damaged.
HoaS's ghost is engulfed in blazing flames.
HoaS's ghost hits you!
You hit HoaS's ghost but do no damage.
HoaS's ghost is moderately damaged.
As you read the scroll of teleportation, it crumbles to dust.
You feel strangely unstable.
HoaS's ghost is engulfed in blazing flames.
HoaS's ghost hits you!
* * * LOW HITPOINT WARNING * * *
The orc priest calls down the wrath of Beogh upon you.
Beogh smites you!
You die...

..........>###..##o.#..#
.............#..8#..#o.#
####..########..##.o#..#
###...######**8.....#..#
........#..,,########8o#
..##'##)#.#**#..# #....#
#.#)).#.#.# #..# #...######*****
#.#.=.#...# #..###o........,,,,,
#.#...#..#####..@W§o........,,,*,
#.#####.†.......#########.##**,*,
........######### *,# *,*,
###......,,* *,* *,*, ##.####*,*
*,* *,*, #.# *,* *,* *,*, #,# *,*
*,****,*, *,* *,* *,,,,,,*, *,*
*,* **,***,*,


You could see an orc warrior, an orc priest and HoaS's ghost.

Vanquished Creatures
  Harold (D:8)
  A gargoyle (D:7)
  A water moccasin (D:7)
  An orc warrior (D:8)
  A phantom (D:3)
  An ice beast (D:6)
  2 ogres (D:6)
  2 centaurs
  3 bullfrogs
  A water moccasin zombie (D:8)
  A scorpion (D:4)
  4 orc priests
  3 hounds (D:7)
  2 orc wizards
  6 worker ants
  8 mummies (Ossuary)
  A gnoll (D:8)
  11 adders
  3 white imps
  An adder zombie (D:6)
  4 worms
  A leopard gecko (D:5)
  29 orcs
  2 ball pythons
  3 giant cockroaches
  2 gnoll zombies (Ossuary)
  3 goblins
  5 hobgoblins
  11 jackals
  2 quokkas (D:3)
  6 bats
  2 frilled lizards
  2 hobgoblin zombies (Ossuary)
  A kobold (D:2)
  2 kobold zombies (Ossuary)
  2 leopard gecko skeletons
  2 orc zombies (Ossuary)
  A quokka skeleton (D:5)
  A quokka zombie (D:5)
  7 rats
  3 bushes (D:1)
145 creatures vanquished.

Vanquished Creatures (others)
  466 foxfires
  3 plants (D:1)
469 creatures vanquished.

Grand Total: 614 creatures vanquished

Notes
Turn   | Place    | Note
-------+----------+-------------------------------------------
     0 | D:1      | graki42 the Gnoll Fire Elementalist began the quest for the
                  | Orb.
     0 | D:1      | Reached XP level 1. HP: 13/13 MP: 6/6
   677 | D:1      | Reached XP level 2. HP: 19/19 MP: 5/7
  1755 | D:2      | Found an ancient bone altar of Kikubaaqudgha.
  1924 | D:2      | Found a sacrificial altar of Ru.
  2028 | D:2      | Reached XP level 3. HP: 23/25 MP: 6/9
  2142 | D:2      | Found an opulent altar of Gozag.
  2398 | D:2      | Reached skill level 5 in Spellcasting
  2622 | D:3      | Reached skill level 1 in Invocations
  2761 | D:3      | Noticed a phantom
  2784 | D:3      | Reached skill level 1 in Fighting
  2784 | D:3      | Reached skill level 1 in Short Blades
  2784 | D:3      | Reached skill level 1 in Long Blades
  2784 | D:3      | Reached skill level 1 in Axes
  2784 | D:3      | Reached skill level 1 in Maces & Flails
  2784 | D:3      | Reached skill level 1 in Polearms
  2784 | D:3      | Reached skill level 1 in Staves
  2784 | D:3      | Reached skill level 1 in Slings
  2784 | D:3      | Reached skill level 1 in Bows
  2784 | D:3      | Reached skill level 1 in Crossbows
  2784 | D:3      | Reached skill level 1 in Throwing
  2784 | D:3      | Reached skill level 1 in Armour
  2784 | D:3      | Reached skill level 1 in Shields
  2784 | D:3      | Reached skill level 1 in Unarmed Combat
  2784 | D:3      | Reached skill level 1 in Evocations
  2784 | D:3      | Reached XP level 4. HP: 9/32 MP: 1/11
  3083 | D:3      | Killed a phantom
  3083 | D:3      | Reached skill level 1 in Hexes
  3083 | D:3      | Reached skill level 1 in Summonings
  3083 | D:3      | Reached skill level 1 in Necromancy
  3083 | D:3      | Reached skill level 1 in Translocations
  3083 | D:3      | Reached skill level 1 in Transmutations
  3083 | D:3      | Reached skill level 1 in Ice Magic
  3083 | D:3      | Reached skill level 1 in Air Magic
  3083 | D:3      | Reached skill level 1 in Earth Magic
  3083 | D:3      | Reached skill level 1 in Poison Magic
  3083 | D:3      | Reached XP level 5. HP: 18/37 MP: 2/12
  3752 | D:3      | Reached XP level 6. HP: 44/44 MP: 4/13
  3870 | D:3      | Found a white marble altar of Elyvilon.
  3952 | D:3      | Learned a level 3 spell: Conjure Flame
  3956 | D:3      | Learned a level 3 spell: Inner Flame
  3961 | D:3      | Learned a level 4 spell: Sticky Flame
  4188 | D:4      | Reached skill level 5 in Dodging
  4621 | D:4      | Found a shadowy altar of Dithmenos.
  4869 | D:5      | Entered Level 5 of the Dungeon
  5024 | D:5      | Reached XP level 7. HP: 22/50 MP: 9/15
  5917 | D:6      | Reached skill level 5 in Stealth
  6038 | D:6      | Reached XP level 8. HP: 27/57 MP: 10/16
  6301 | D:6      | Learned a level 5 spell: Fireball
  6426 | D:6      | Found a blossoming altar of Fedhas.
  6744 | D:6      | Found an ornate altar of the Wu Jian Council.
  6941 | D:7      | Noticed a gargoyle
  6981 | D:7      | Killed a gargoyle
  7370 | D:7      | Reached XP level 9. HP: 48/65 MP: 7/18
  7520 | D:7      | Found a staircase to the Ecumenical Temple.
  7529 | Temple   | Entered the Ecumenical Temple
  8049 | D:7      | Found a sparkling altar of Nemelex Xobeh.
  8120 | D:7      | Found a stormy altar of Qazlal.
  8337 | D:8      | Found a sand-covered staircase.
  8366 | D:8      | Noticed Maurice
  8392 | Ossuary  | Entered an ossuary
  8903 | D:8      | Noticed Harold
  8924 | D:8      | Killed Harold
  8951 | D:8      | Reached skill level 5 in Invocations
  9084 | D:8      | Found a runed translucent gate.
  9085 | D:8      | Found a runed translucent gate.
  9086 | D:8      | Found a roughly hewn altar of Beogh.
  9086 | D:8      | Found a runed translucent gate.
  9089 | D:8      | Identified the cursed +1 plate armour "Zorej" {Rampage
                  | Int+4}
  9089 | D:8      | Noticed HoaS's ghost (novice FoFi)
  9119 | D:8      | Killed from afar by an orc priest

Illustrated notes

Levels and vault maps discovered:
D:1:      dpeg_arrival_court, layout_loops_ring, serial_forest,
          infiniplex_forest_clump_long, infiniplex_forest_clump_long,
          infiniplex_forest_clump_cross, infiniplex_forest_end_2,
          infiniplex_forest_lined_3_way, infiniplex_forest_lined_1
D:2:      layout_basic, kiku_gazebo_pond_becter, nicolae_overflow_hidden_temple,
          overflow_temple_1_default
D:3:      layout_basic, marbit_many_paths
D:4:      layout_gridville, kennysheep_little_box, supply_closet_lemuel,
          dk_noncrumbling_2
D:5:      layout_rooms, minivault_19
D:6:      layout_rooms, lemuel_doored_altar, fedhas_altar_3
D:7:      minmay_chambers_of_fours, layout_basic, kennysheep_mini_moat,
          lemuel_coloured_pillars_altar, minmay_temple_entry_grid
D:8:      layout_loops_ring, lemuel_crystal_altar, biasface_ghost_orc_armoury,
          enter_ossuary_2, serial_shops, nicolae_shop_window_shopping,
          uniq_maurice, uniq_pikel, uniq_harold
Temple:   hc_temple_tempest_star

Skill      XL: |  1  2  3  4  5  6  7  8  9 |
---------------+----------------------------+-----
Conjurations   | 2 3 4 |  4.3
Spellcasting   | 5 6 |  6.8
Invocations    | 1 2 3 4 5 |  5.0
Fighting       | 1 2 3 4 |  4.5
Short Blades   | 1 2 3 4 |  4.5
Long Blades    | 1 2 3 4 |  4.5
Axes           | 1 2 3 4 |  4.5
Maces & Flails | 1 2 3 4 |  4.5
Polearms       | 1 2 3 4 |  4.5
Staves         | 1 2 3 4 |  4.5
Slings         | 1 2 3 4 |  4.5
Bows           | 1 2 3 4 |  4.5
Crossbows      | 1 2 3 4 |  4.5
Throwing       | 1 2 3 4 |  4.5
Armour         | 1 2 3 4 |  4.5
Shields        | 1 2 3 4 |  4.5
Unarmed Combat | 1 2 3 4 |  4.5
Evocations     | 1 2 3 4 |  4.5
Hexes          | 1 2 3 |  3.7
Summonings     | 1 2 3 |  3.7
Necromancy     | 1 2 3 |  3.7
Translocations | 1 2 3 |  3.7
Transmutations | 1 2 3 |  3.7
Ice Magic      | 1 2 3 |  3.7
Air Magic      | 1 2 3 |  3.7
Earth Magic    | 1 2 3 |  3.7
Poison Magic   | 1 2 3 |  3.7
Dodging        | 5 6 |  6.5
Stealth        | 5 6 |  6.2
Fire Magic     | 6 |  6.7

Action                   |  1- 3 |  4- 6 |  7- 9 || total
-------------------------+-------+-------+-------++-------
Melee: Dagger            |   758 |    25 |    57 ||   840
       Bite              |   146 |     4 |     5 ||   155
       Punch             |     3 |       |     1 ||     4
 Cast: Foxfire           |    42 |    87 |   141 ||   270
       Sticky Flame      |       |     1 |     7 ||     8
       Conjure Flame     |       |       |     4 ||     4
  Use: Scroll            |       |     6 |     9 ||    15
       Potion            |       |       |     2 ||     2
 Stab: Sleeping          |     2 |     2 |    10 ||    14
Armor: Robe              |     1 |     5 |    15 ||    21
Dodge: Dodged            |    16 |    22 |    53 ||    91

Table legend: (Time is in decaauts)
 A = Elapsed time spent in this place.
 B = Non-inter-level travel time spent in this place.
 C = Inter-level travel time spent in this place.
 D = Time resting spent in this place.
 E = Time spent auto-exploring this place.
 F = Levels seen in this place.
 G = Mean time per level.
                   A        B        C        D        E       F      G
               +--------+--------+--------+--------+--------+-----+--------+
         Total |   8845 |   8484 |    361 |   1517 |   5204 |  10 |  884.5 |
       Dungeon |   8060 |   7727 |    333 |   1424 |   4693 |   8 | 1007.5 |
        Temple |    338 |    310 |     28 |      0 |    310 |   1 |  338.0 |
       Ossuary |    446 |    446 |      0 |     93 |    201 |   1 |  446.0 |
               +--------+--------+--------+--------+--------+-----+--------+

Top non-repeatable levels by time:
     D:1: 1470 daAuts
     D:3: 1244 daAuts
     D:2: 1129 daAuts
     D:6: 1023 daAuts
     D:5: 1012 daAuts
     D:7: 992 daAuts
     D:4: 831 daAuts
 Ossuary: 446 daAuts
     D:8: 354 daAuts
  Temple: 338 daAuts
